AoeStats
← 13645570128

Arena

509888736Analyzed
1v1 RM · 4d ago on Sep 28, 2026· 89m 23s· 2 players
Game mode
Random Map
Map size
Tiny (2 player)
Population
200
Speed
Normal
Resources
Standard
Victory
Conquest
Starting age
Dark Age
Ending age
Imperial Age
RankedLock teamsTeams togetherTeam positionsShared explorationLock speedFull tech treeHidden civsTurbo modeCheats
Victory
Defeat
🇨🇳 Britons · China
609
+16
🇭🇰 Mongols · Hong Kong SAR China
603
-19
13645570128
10:15 Feudal Age
10:52 Double-Bit Axe
12:12 Horse Collar
18:09 Castle Age
16:30 Gold Mining
17:59 Stone Mining
20:04 Bow Saw
21:30 Heavy Plow
23:01 Stone Shaft Mining
24:58 Wheelbarrow
26:42 Gold Shaft Mining
26:59 Husbandry
31:07 Ballistics
33:21 Imperial Age
32:08 Bloodlines
32:12 Forging
34:06 Hand Cart
34:35 Conscription
37:08 Parthian Tactics
38:48 Iron Casting
39:10 Fletching
38:50 Elite Steppe Lancer
41:02 Drill
42:17 Chemistry
42:20 Blast Furnace
43:25 Thumb Ring
43:49 Capped Ram
43:55 Elite Mangudai
45:04 Bodkin Arrow
46:23 Guard Tower
47:29 Siege Ram
47:43 Man-at-Arms
48:24 Squires
49:17 Murder Holes
49:55 Bracer
50:02 Scale Barding Armor
49:20 Long Swordsman
49:49 Arson
50:42 Hoardings
50:25 Two-Handed Swordsman
56:04 Chain Barding Armor
56:20 Town Watch
57:36 Champion
59:08 Town Patrol
62:22 Scale Mail Armor
76:45 Siege Engineers
76:59 Light Cavalry
77:58 Pikeman
79:01 Hussar
80:07 Masonry
416604346
0:30 Loom
12:41 Feudal Age
14:07 Wheelbarrow
13:22 Double-Bit Axe
13:30 Gold Mining
13:32 Stone Mining
13:54 Horse Collar
25:30 Castle Age
25:22 Forging
25:13 Scale Mail Armor
25:15 Padded Archer Armor
25:06 Fletching
25:23 Scale Barding Armor
27:00 Hand Cart
26:48 Heavy Plow
27:26 Gold Shaft Mining
26:36 Pikeman
27:16 Squires
27:33 Squires
29:41 Iron Casting
31:50 Treadmill Crane
35:36 Imperial Age
33:43 Masonry
34:48 Leather Archer Armor
36:09 Ballistics
38:54 Bodkin Arrow
39:52 Architecture
39:48 Chain Mail Armor
40:05 Bow Saw
39:28 Light Cavalry
42:03 Chemistry
42:12 Yeomen
41:52 Arson
45:11 Blast Furnace
45:32 Plate Mail Armor
46:21 Bracer
47:43 Elite Longbowman
48:36 Warwolf
49:45 Ring Archer Armor
49:53 Hoardings
48:51 Sappers
49:43 Conscription
57:50 Husbandry
58:37 Chain Barding Armor
62:17 Plate Barding Armor
64:15 Halberdier
80:47 Two-Man Saw
Connection lost

Rejoining the realm…

Still unreachable

The connection could not be restored.

Session expired

The server has moved on; the page needs a fresh start.